 Dungeon Crawl Stone Soup version 0.27-a0-1191-g601b473118 (webtiles) character file.

Game seed: 9981723705516188721

55 EldarEldrad the Skirmisher (level 3, -1/33 HPs)
             Began as a Hill Orc Fighter on May 24, 2021.
             Succumbed to Crazy Yiuf's poison
             ... on level 2 of the Dungeon.
             The game lasted 00:06:10 (2147 turns).

EldarEldrad the Skirmisher (Hill Orc Fighter)       Turns: 2147, Time: 00:06:10

Health: -1/33      AC:  8    Str: 19    XL:     3   Next: 93%
Magic:  3/3        EV:  7    Int:  8    God:
Gold:   47         SH:  9    Dex: 10    Spells: 2/2 levels left

rFire    + . .     SeeInvis .   a - +0 war axe
rCold    . . .     Faith    .   c - +0 kite shield
rNeg     . . .     Spirit   .   b - +0 scale mail
rPois    .         Reflect  .   (no helmet)
rElec    .         Harm     .   (no cloak)
rCorr    .         Rampage  .   (no gloves)
Will     .....                  h - +0 pair of boots
Stlth    ..........             (no amulet)
HPRegen  0.11/turn              e - ring of protection from fire
MPRegen  0.08/turn              (no ring)

@: lethally poisoned (-1 -> -25)
A: no striking features
a: no special abilities


You were on level 2 of the Dungeon.
You visited 1 branch of the dungeon, and saw 2 of its levels.

You collected 103 gold pieces.
You spent 56 gold pieces at shops.

Inventory:

Hand Weapons
 a - a +0 war axe (weapon)
Armour
 b - a +0 scale mail (worn)
 c - a +0 kite shield (worn)
 g - a +0 chain mail
 h - a +0 pair of boots (worn)
Jewellery
 e - a ring of protection from fire (left hand)
Scrolls
 f - 3 scrolls of identify
Potions
 d - a potion of might
 i - a potion of curing


   Skills:
 + Level 4.1 Fighting
 * Level 3.8 Axes
 + Level 3.8 Armour
 + Level 3.7 Shields


You had 2 spell levels left.
You didn't know any spells.
Your spell library was empty.

Dungeon Overview and Level Annotations

Branches:
Dungeon (2/15)

Altars:

Shops:
D:1 ?

Annotations:
D:2 Crazy Yiuf


Message History

The bat hits you but does no damage.
You miss the bat. The bat closely misses you. You block the bat's attack.
You hit the bat.
The bat is severely wounded.
The bat hits you but does no damage. The bat hits you but does no damage.
You block the bat's attack.
You hit the bat.
You kill the bat!
You now have 47 gold pieces (gained 12).
You open the door.
There is an open door here.
There is an open door here.
You see here a +0 club.
There is an open door here.
You see here a +0 club.
You open the door.
You see here a +0 hunting sling.
You see here a +0 ring mail.
You open the door. You hit Crazy Yiuf.
Crazy Yiuf is moderately wounded.
You block Crazy Yiuf's attack.
You hit Crazy Yiuf.
Crazy Yiuf is heavily wounded.
Crazy Yiuf hits you with a +2 quarterstaff of chaos!
Crazy Yiuf hits you with a +2 quarterstaff of chaos.
Crazy Yiuf draws strength from your wounds!
You hit Crazy Yiuf.
Crazy Yiuf is heavily wounded.
Crazy Yiuf closely misses you.
You hit Crazy Yiuf.
Crazy Yiuf is severely wounded.
Crazy Yiuf hits you with a +2 quarterstaff of chaos!
* * * LOW HITPOINT WARNING * * *
You are lethally poisoned!
Crazy Yiuf grits, "Flower eyeball arm!"
You block Crazy Yiuf's attack.
You hit Crazy Yiuf.
Crazy Yiuf is severely wounded.
You die...

#.# #.##.#
##...######## #
#.###.##.# ##.## #
#........# #.# #
########## ### #
######## # #......#
♣♣♣♣♣## #.###### ###
♣♣♣.♣...### ### #.#
#...#♣..♣......####.##
#.# ####
#...g@♣♣♣♣......##...#
#.# #..# #)..#♣♣
♣♣..#........ #.###.##
### ♣♣######...#
#......# ##.##
#####>## ###. #.###
### ### #.. ##.#(# #.#
#'# ##. ##.#..# #.#
#.# #. ##.###.####.#
#.# #.


You could see Crazy Yiuf.

Vanquished Creatures
  An adder (D:2)
  3 worms (D:2)
  5 ball pythons (D:1)
  4 bats
  2 endoplasms (D:2)
  4 goblins
  6 hobgoblins
  2 kobolds
  A quokka (D:2)
  4 frilled lizards
  2 rats (D:1)
34 creatures vanquished.

Notes
Turn   | Place    | Note
-------+----------+-------------------------------------------
     0 | D:1      | EldarEldrad the Hill Orc Fighter began the quest for the
                  | Orb.
     0 | D:1      | Reached XP level 1. HP: 19/19 MP: 1/1
   199 | D:1      | Reached XP level 2. HP: 25/27 MP: 2/2
   394 | D:1      | Found Ruzeomin's Magic Scroll Emporium.
   408 | D:1      | Bought a scroll of identify for 28 gold pieces
   767 | D:1      | Reached skill level 4 in Fighting
   949 | D:1      | Bought a scroll of identify for 28 gold pieces
   975 | D:2      | Reached XP level 3. HP: 33/33 MP: 3/3
  1272 | D:2      | Found a runed translucent door.
  1273 | D:2      | Noticed Crazy Yiuf
  2147 | D:2      | Succumbed to Crazy Yiuf's poison

Illustrated notes

Levels and vault maps discovered:
D:1:      dpeg_arrival_connections, layout_loops_ring, serial_shops,
          nicolae_shop_statue_plus
D:2:      layout_loops_corners, hangedman_decor_opposing,
          uniq_crazy_yiuf_cottage

Skill      XL: |  1  2 |
---------------+-------+-----
Axes           | 3 |  3.8
Fighting       | 4 |  4.1
Armour         | |  3.8
Shields        | |  3.7

Action                   || total
-------------------------++-------
Melee: War axe           ||   138
  Use: Scroll            ||     1
Armor: Scale mail        ||    82
Dodge: Dodged            ||    40
Block: Kite shield       ||    65

Table legend: (Time is in decaauts)
 A = Elapsed time spent in this place.
 B = Non-inter-level travel time spent in this place.
 C = Inter-level travel time spent in this place.
 D = Time resting spent in this place.
 E = Time spent auto-exploring this place.
 F = Levels seen in this place.
 G = Mean time per level.
                   A        B        C        D        E       F      G
               +--------+--------+--------+--------+--------+-----+--------+
         Total |   2225 |   2146 |     79 |     82 |   1635 |   2 | 1112.5 |
       Dungeon |   2225 |   2146 |     79 |     82 |   1635 |   2 | 1112.5 |
               +--------+--------+--------+--------+--------+-----+--------+

Top non-repeatable levels by time:
     D:2: 1213 daAuts
     D:1: 1011 daAuts
